 Dungeon Crawl Stone Soup version 0.19-a0 (webtiles) character file.

724 Duffy the Chopper (level 7, -1/52 HPs)
             Began as a Mummy Fighter on Apr 27, 2016.
             Was a Priest of Cheibriados.
             Slain by Prince Ribbit (12 damage)
             ... on level 5 of the Dungeon.
             The game lasted 00:05:28 (5534 turns).

Duffy the Chopper (Mummy Fighter)                   Turns: 5534, Time: 00:05:29

Health: -1/52      AC:  9    Str: 33    XL:     7   Next: 43%
Magic:  7/7        EV:  6    Int: 15    God:    Cheibriados [***...]
Gold:   223        SH: 11    Dex: 19    Spells: 0 memorised, 6 levels left

rFire  x . .     SeeInvis +     q - +7 flail "Orb Guardian's Peril" {venom, Str+3}
rCold  + . .     Gourm    .     d - +0 chain mail
rNeg   + + +     Faith    .     c - +0 shield
rPois  ∞         Spirit   .     (no helmet)
rElec  .         Dismiss  .     (no cloak)
rCorr  .         Reflect  .     l - +0 pair of gloves
SustAt .         Harm     .     (no boots)
MR     .....                    (no amulet)
Stlth  ..........               (no ring)
                                k - ring of see invisible

@: very slow, not resistant to hostile enchantments, extremely unstealthy
A: no food or potions, fire vulnerability, cold resistance 1, negative energy
resistance 3, torment resistance, unbreathing
a: Bend Time, Temporal Distortion, Renounce Religion


You were on level 5 of the Dungeon.
You worshipped Cheibriados.
Cheibriados was most pleased with you.
You were not hungry.

You visited 1 branch of the dungeon, and saw 5 of its levels.

You collected 223 gold pieces.


Innate Abilities, Weirdness & Mutations

You do not eat or drink.
Your flesh is vulnerable to fire.
You are immune to poison.
Your flesh is cold resistant.
You are immune to negative energy.
You are immune to unholy pain and torment.
You can survive without breathing.


   Skills:
 + Level 3.4 Fighting
 + Level 6.9 Axes
 - Level 2.4 Armour
 - Level 2.4 Shields


You had 6 spell levels left.
You didn't know any spells.

Inventory:

Hand Weapons
 a - a +0 war axe
 b - a +0 blowgun
 q - the +7 flail "Orb Guardian's Peril" (weapon) {venom, Str+3}

   It poisons the flesh of those it strikes.
   It affects your strength (+3).
Missiles
 g - 12 poisoned needles
Armour
 c - a +0 shield (worn)
 d - a +0 chain mail (worn)
 f - a +0 scale mail
 l - a +0 pair of gloves (worn)
Jewellery
 k - a ring of see invisible (left hand)
Wands
 e - a wand of digging (15/24)
Scrolls
 h - 3 scrolls of remove curse
 i - a scroll of immolation
 j - a scroll of teleportation
 m - 2 scrolls of amnesia {unknown}
 n - a scroll of magic mapping
 o - a scroll of noise {unknown}
 p - a scroll of enchant armour {unknown}

Dungeon Overview and Level Annotations

Branches:
Dungeon (5/15)             Temple (0/1) D:5

Altars:
Cheibriados
Gozag
Kikubaaqudgha
Yredelemnul

Shops:
D:4 =

Annotations:
D:5 Prince Ribbit


Message History

You block the ogre's attack.
You sock the ogre!
You kill the ogre!
Cheibriados thoroughly appreciates the change of pace.
No target in view!
Things that are here:
a giant spiked club; an ogre corpse You see here a war axe.
Things that are here:
a giant spiked club; an ogre corpse You see here 19 stones.
You see here a bread ration.
Done exploring.
(D) Dungeon
Where to? (* - list waypoints, Enter - D:4, ? - help)
You see here a bread ration.
You see here 19 stones.
There is a stone staircase leading down here.
You climb downwards.
There is a stone staircase leading up here.
Found a hunting sling.
m - 2 scrolls labeled NIER UGROUNI (gained 1)
Found a stone staircase leading down.
You see here a hunting sling.
Found a spear.
Found a long sword.
Found a staircase to the Ecumenical Temple.
Prince Ribbit comes into view.
Prince Ribbit croaks.
Prince Ribbit blinks!
Prince Ribbit blinks!
You closely miss Prince Ribbit. You block Prince Ribbit's attack.
Prince Ribbit barely misses you.
You miss Prince Ribbit. You block Prince Ribbit's attack.
You miss Prince Ribbit. Prince Ribbit hits you.
You block Prince Ribbit's attack.
You hit Prince Ribbit.
Prince Ribbit is poisoned.
Prince Ribbit is lightly wounded.
Prince Ribbit hits you! x2
You are too injured to fight recklessly!
You are too injured to fight recklessly!
You are too injured to fight recklessly!
You thump Prince Ribbit!
Prince Ribbit looks even sicker.
Prince Ribbit is heavily wounded.
Prince Ribbit hits you but does no damage.
Prince Ribbit hits you!
You miss Prince Ribbit.
Prince Ribbit is heavily wounded.
Prince Ribbit hits you!
You die...

#.# #.# ##.##.##.
#.# ###........
#.# #..........
#.# #)#..}...}.
##.## #.#........
#..>###....0.>...
#.#.....)#........
##.#.#..@#..}...}.
##.##.#.F...$....
## #.#.#........
#.####.##.##. #..
.# .. ### ## .# #


You could see Prince Ribbit.

Action                   |  1- 3 |  4- 6 |  7- 9 || total
-------------------------+-------+-------+-------++-------
Melee: War axe           |   123 |   335 |     2 ||   460
       Flail             |       |       |    26 ||    26
 Fire: Blowgun           |     8 |       |       ||     8
  Use: Scroll            |       |       |     5 ||     5
Armor: Chain mail        |    66 |   100 |     6 ||   172
       Scale mail        |     3 |    81 |       ||    84
Dodge: Dodged            |    26 |   117 |     5 ||   148
Block: Shield            |    71 |   179 |    12 ||   262

Notes
Turn   | Place    | Note
--------------------------------------------------------------
     0 | D:1      | Duffy the Mummy Fighter began the quest for the Orb.
     0 | D:1      | Reached XP level 1. HP: 18/18 MP: 1/1
   105 | D:1      | Reached skill level 2 in Axes
   105 | D:1      | Reached XP level 2. HP: 18/24 MP: 2/2
   385 | D:2      | Reached skill level 3 in Axes
   385 | D:2      | Reached XP level 3. HP: 3/29 MP: 3/3
  1281 | D:3      | Reached XP level 4. HP: 35/35 MP: 4/4
  1494 | D:3      | Found an ancient bone altar of Kikubaaqudgha.
  1645 | D:3      | Reached skill level 4 in Axes
  2109 | D:4      | Found a snail-covered altar of Cheibriados.
  2112 | D:4      | Became a worshipper of Cheibriados the Contemplative
  2373 | D:1      | Reached XP level 5. HP: 40/41 MP: 5/5
  2709 | D:2      | Reached * piety under Cheibriados
  3113 | D:2      | Found a basalt altar of Yredelemnul.
  3313 | D:3      | Reached skill level 5 in Axes
  3329 | D:3      | Reached ** piety under Cheibriados
  3550 | D:3      | Reached XP level 6. HP: 31/47 MP: 6/6
  4378 | D:4      | Reached *** piety under Cheibriados
  4396 | D:4      | Reached skill level 6 in Axes
  4643 | D:4      | Reached XP level 7. HP: 40/52 MP: 7/7
  4755 | D:4      | Got a slimy flail
  4756 | D:4      | Identified the +7 flail "Orb Guardian's Peril" {venom, Str+3} (You found it on level 4 of the Dungeon)
  4943 | D:4      | Noticed Blork the orc
  4948 | D:4      | Killed Blork the orc
  5004 | D:4      | Found Ymyptan's Jewellery Boutique.
  5035 | D:4      | Found an opulent altar of Gozag.
  5499 | D:5      | Entered Level 5 of the Dungeon
  5524 | D:5      | Found a staircase to the Ecumenical Temple.
  5525 | D:5      | Noticed Prince Ribbit
  5534 | D:5      | Slain by Prince Ribbit

Skill      XL: |  1  2  3  4  5  6 |
---------------+-------------------+-----
Axes           | 2 3 4 5 6 |  6.9
Fighting       | |  3.4
Armour         | |  2.4
Shields        | |  2.4

Vault maps used:
D:1:      saegor_arrival_miasma
D:2:      lemuel_zombie_altar_yredelemnul, first_bread
D:3:      kiku_gazebo_garden_becter, st_stairs_14
D:4:      kennysheep_spiral_hall, kennysheep_mini_moat,
          nicolae_gozag_seed_capital, serial_shops, kennysheep_little_box,
          uniq_blork_the_orc
D:5:      minmay_temple_entry_large_hall, trog_three_pillars_becter,
          uniq_menkaure, uniq_prince_ribbit1

Vanquished Creatures
  An ogre Blork the orc
  A big kobold
  A howler monkey
  A crimson imp
  An orc priest
  2 hounds
  2 orc wizards
  A worker ant
  A worker ant zombie
  A howler monkey skeleton
  10 adders
  An ooze
  An adder zombie
  3 worms
  2 dart slugs
  5 giant geckos
  15 orcs
  2 ball pythons
  6 bats
  2 giant cockroaches
  12 goblins
  6 hobgoblins
  13 jackals
  5 quokkas
  3 giant newts
  2 gnoll zombies
  8 kobolds
  12 rats
121 creatures vanquished.
